 Dungeon Crawl Stone Soup version 0.23.2-33-g5129a83184 (webtiles) character file.

Game seed: 324083597618095558

338 Destapler the Magician (level 6, -4/35 HPs)
             Began as a Deep Elf Wizard on July 31, 2019.
             Was an Initiate of Gozag.
             Slain by an ice beast (12 damage)
             ... on level 5 of the Dungeon.
             The game lasted 00:45:56 (4746 turns).

Destapler the Magician (Deep Elf Wizard)            Turns: 4746, Time: 00:45:57

Health: -4/35      AC:  5    Str:  5    XL:     6   Next: 29%
Magic:  8/16       EV: 14    Int: 26    God:    Gozag
Gold:   361        SH:  0    Dex: 13    Spells: 11/16 levels left

rFire    . . .     SeeInvis .   b - +0 spear (pierce)
rCold    . . .     Gourm    .   (no shield)
rNeg     . . .     Faith    .   j - +2 robe {MR+}
rPois    .         Spirit   .   t - +0 helmet
rElec    .         Reflect  .   (no cloak)
rCorr    .         Harm     .   (no gloves)
MR       +....                  (no boots)
Stlth    ++........             (no amulet)
HPRegen  0.11/turn              g - +2 ring of intelligence
MPRegen  0.15/turn              (no ring)

@: no status effects
A: no striking features
a: Potion Petition, Call Merchant, Bribe Branch, Renounce Religion


You were on level 5 of the Dungeon.
You worshipped Gozag.
Gozag was aware of your devotion.
You were not hungry.

You visited 1 branch of the dungeon, and saw 5 of its levels.

You collected 384 gold pieces.
You paid 23 gold pieces to Gozag.

Inventory:

Hand Weapons
 a - a +0 dagger
 b - a +0 spear of piercing (weapon)
Missiles
 c - 151 stones (quivered)
Armour
 h - a +0 hat
 j - a +2 robe of magic resistance (worn)
 p - a cursed +0 ring mail
 t - a +0 helmet (worn)
 u - the cursed +0 ring mail of Lalelubaol {rF+ MR+ Int-2, unknown}
   (You found it on level 5 of the Dungeon)

   It affects your intelligence (-2).
   It protects you from fire.
   It affects your resistance to hostile enchantments.
   It has a curse placed upon it.
Jewellery
 g - a +2 ring of intelligence (left hand)
Scrolls
 e - 6 scrolls of identify {unknown}
 f - a scroll of fog {unknown}
 l - 3 scrolls of enchant weapon {unknown}
 m - a scroll of remove curse {unknown}
 n - 2 scrolls of immolation {unknown}
 q - 3 scrolls of amnesia {unknown}
 r - a scroll of blinking {unknown}
Potions
 i - a potion of magic {unknown}
 k - a potion of might {unknown}
 o - a potion of experience {unknown}
 s - a potion of curing {unknown}
Comestibles
 d - 10 rations


   Skills:
 - Level 2.0 Fighting
 * Level 1.4 Short Blades
 - Level 4.1 Dodging
 - Level 3.0 Stealth
 + Level 5.6 Spellcasting
 + Level 3.0 Conjurations
 - Level 2.0 Summonings
 - Level 2.0 Translocations


You had 11 spell levels left.
You knew the following spells:

 Your Spells              Type           Power        Failure   Level  Hunger
a - Magic Dart            Conj           ###.         1%          1    None
b - Blink                 Tloc           N/A          4%          2    None
c - Call Imp              Summ           ###.....     4%          2    None

Your spell library contained the following spells:

 Spells                   Type           Power        Failure   Level  Hunger
 Slow                     Hex            #.......     11%         2    None
 Conjure Flame            Conj/Fire      ###.....     12%         3    #......
 Mephitic Cloud           Conj/Pois/Air  ##......     14%         3    #......


Dungeon Overview and Level Annotations

Branches:
Dungeon (5/15)
 Temple: D:4-7

Altars:
Ashenzari
Gozag
Kikubaaqudgha
Vehumet
Wu Jian


Message History

You blink.
A frilled lizard comes into view.
The frilled lizard hisses angrily.
Found 18 stones.
Attack whom?
Press: ? - help, Dir - move target cursor, f/p - ice beast
Aim: an ice beast (almost dead)
You reach to attack!
You barely miss the ice beast.
The ice beast is almost dead.
Casting: Blink (safe; 4% risk of failure)
Confirm with . or Enter, or press ? or * to list all spells.
A beastly little devil appears in a puff of flame.
The ice beast hits you. The ice beast freezes you!
* * * LOW HITPOINT WARNING * * *
The phantom barely misses your crimson imp.
The phantom hits your crimson imp.
The phantom blinks!
The ice beast hits you.
* * * LOW HITPOINT WARNING * * *
The ice beast freezes you!
You die...
Your body crumbles into a pile of gold.

####
.....############...
####........<.......
.......<...#.####...
########.#...# ####
#.(##.## .....#
###.###..#
..##..##........#
#...#....@..###.# #
#.(...Y.....#.. .#
.. #..l.5#.##.....
#.# ...##.#?.#.#
.... ..## .
...#.#§.#.# #.. ...#
.. ...lW...#..# #
...#># ....#.#...##
#####..$.. ..
#....#### #...#..#
##.#.§..###......#


You could see an ice beast, a frilled lizard and a friendly crimson imp.

Vanquished Creatures
  An ogre (D:4)
  2 adders (D:2)
  An adder skeleton (D:4)
  3 worms (D:2)
  3 dart slugs (D:1)
  4 leopard geckos
  2 orcs
  6 giant cockroaches
  5 goblins
  5 hobgoblins
  5 jackals
  9 kobolds
  5 quokkas
  5 bats
  2 frilled lizards
  A jackal skeleton (D:4)
  A quokka zombie (D:3)
  3 rats (D:1)
63 creatures vanquished.

Vanquished Creatures (collateral kills)
  An ogre (D:4)
  A bullfrog (D:4)
  A hound (D:4)
  3 worker ants (D:4)
  2 adders
  An adder skeleton (D:4)
  A dart slug (D:2)
  2 orcs
  A goblin (D:2)
  A hobgoblin (D:3)
  4 jackals
18 creatures vanquished.

Grand Total: 81 creatures vanquished

Notes
Turn   | Place    | Note
-------+----------+-------------------------------------------
     0 | D:1      | Destapler the Deep Elf Wizard began the quest for the Orb.
     0 | D:1      | Reached XP level 1. HP: 10/10 MP: 7/7
   443 | D:1      | Reached XP level 2. HP: 13/15 MP: 6/9
  1522 | D:2      | Reached XP level 3. HP: 19/19 MP: 0/11
  1613 | D:2      | Learned a level 2 spell: Blink
  1616 | D:2      | Learned a level 2 spell: Call Imp
  1863 | D:2      | Found a radiant altar of Vehumet.
  2314 | D:2      | Reached XP level 4. HP: 24/24 MP: 9/12
  2355 | D:2      | Reached skill level 5 in Spellcasting
  2644 | D:2      | Found an opulent altar of Gozag.
  2652 | D:2      | Became a worshipper of Gozag Ym Sagoz the Greedy
  3016 | D:3      | Found an ancient bone altar of Kikubaaqudgha.
  3587 | D:4      | Found an ornate altar of the Wu Jian Council.
  3720 | D:4      | Noticed a bullfrog
  3730 | D:4      | Killed a bullfrog
  3730 | D:4      | Reached skill level 1 in Fighting
  3730 | D:4      | Reached XP level 5. HP: 29/29 MP: 9/14
  3957 | D:4      | Found a shattered altar of Ashenzari.
  4304 | D:4      | Noticed an ogre
  4305 | D:4      | Noticed an ogre
  4355 | D:4      | Killed an ogre
  4355 | D:4      | Reached skill level 1 in Short Blades
  4385 | D:4      | Killed an ogre
  4385 | D:4      | Reached XP level 6. HP: 35/35 MP: 1/16
  4581 | D:5      | Entered Level 5 of the Dungeon
  4667 | D:5      | Got a sapphire-studded ring mail
  4727 | D:5      | Noticed an ice beast
  4746 | D:5      | Slain by an ice beast

Skill      XL: |  1  2  3  4  5  6 |
---------------+-------------------+-----
Stealth        | 3 |  3.0
Dodging        | 3 4 |  4.1
Conjurations   | 2 3 |  3.0
Summonings     | 2 |  2.0
Spellcasting   | 5 |  5.6
Translocations | 2 |  2.0
Fighting       | 1 2 |  2.0
Short Blades   | 1 |  1.4

Action                   |  1- 3 |  4- 6 || total
-------------------------+-------+-------++-------
Melee: Spear             |    92 |    64 ||   156
       Mace              |     2 |       ||     2
       Dagger            |       |    13 ||    13
 Cast: Magic Dart        |    93 |    78 ||   171
       Call Imp          |     7 |    34 ||    41
       Blink             |     4 |     3 ||     7
 Stab: Sleeping          |     2 |     5 ||     7
       Distracted        |     2 |     1 ||     3
  Eat: Chunk             |     4 |     1 ||     5
       Ration            |       |     2 ||     2
Armor: Robe              |    24 |    13 ||    37
Dodge: Dodged            |    59 |    27 ||    86
